 Dungeon Crawl Stone Soup version 0.25.0-26-g0c896c7088 (webtiles) character file.

Game seed: 14001168108569455401

735 Apogee the Basher (level 7, -14/40 HPs)
             Began as a Gargoyle Gladiator on July 2, 2020.
             Blown up by Ijyb (32 damage)
             ... with a disintegration bolt
             ... on level 5 of the Dungeon.
             The game lasted 00:05:48 (4603 turns).

Apogee the Basher (Gargoyle Gladiator)              Turns: 4603, Time: 00:05:48

Health: -14/40     AC: 12    Str: 20    XL:     7   Next: 74%
Magic:  7/7        EV: 10    Int:  8    God:
Gold:   233        SH:  0    Dex: 11    Spells: 6/6 levels left

rFire    . . .     SeeInvis .   a - +0 flail
rCold    . . .     Gourm    .   (no shield)
rNeg     + . .     Faith    .   r - +0 scale mail
rPois    ∞         Spirit   .   c - +1 helmet
rElec    +         Reflect  .   (no cloak)
rCorr    .         Harm     .   (no gloves)
MR       .....                  (no boots)
Stlth    ..........             (no amulet)
HPRegen  0.13/turn              (no ring)
MPRegen  0.10/turn              (no ring)

@: no status effects
A: negative energy resistance 1, electricity resistance, unbreathing,
petrification resistance, rot immunity, AC +4
a: no special abilities


You were on level 5 of the Dungeon.
You were hungry.

You visited 1 branch of the dungeon, and saw 5 of its levels.

You collected 233 gold pieces.

Inventory:

Hand Weapons
 a - a +0 flail (weapon)
 t - a +0 hunting sling
Missiles
 d - 3 throwing nets (quivered)
 u - 114 stones
 y - 19 sling bullets
Armour
 b - a +0 leather armour
 c - a +1 helmet (worn)
 m - a cursed +0 kite shield
 r - a +0 scale mail (worn)
 s - a +0 buckler
Jewellery
 q - a +4 ring of protection {unknown}
Wands
 v - a wand of flame (23)
Scrolls
 e - a scroll of remove curse
 j - 5 scrolls of identify
 k - a scroll of fear
 n - a scroll of blinking {unknown}
 p - a scroll of magic mapping {unknown}
Potions
 g - a potion of mutation {unknown}
 h - a potion of lignification
 i - a potion of haste {unknown}
 l - a potion of might {unknown}
 o - a potion of heal wounds
 w - a potion of brilliance {unknown}
Comestibles
 f - 7 rations


   Skills:
 + Level 2.6 Fighting
 + Level 8.6 Maces & Flails
 - Level 1.8 Throwing
 - Level 2.7 Dodging


You had 6 spell levels left.
You didn't know any spells.
Your spell library was empty.

Dungeon Overview and Level Annotations

Branches:
Dungeon (5/15)
 Temple: D:4-7

Altars:
Hepliaklqana

Annotations:
D:4 Sigmund
D:5 Ijyb


Innate Abilities, Weirdness & Mutations

You are resistant to torment.
Your stone body is resilient. (AC +4)
You are immune to poison.
You resist negative energy. (rN+)
You are resistant to electric shocks. (rElec)
You can survive without breathing.
You are immune to petrification.
You are immune to rotting.


Message History

Eating one of 2 chunks of flesh.
You eat one of the 2 chunks of flesh.
This raw flesh tastes terrible.
Things that are here:
a +0 rapier; a +0 leather armour; the human skeleton of Eustachio All of the chunks of flesh in your inventory have rotted away.
You are feeling hungry.
Found a scroll of noise.
Found an escape hatch in the floor.
Ijyb the Twisted Goblin comes into view.
She is wielding a +0 dagger and carrying a wand of disintegration (10).
Ijyb shouts!
You hear a shout!
Ijyb zaps a wand.
You struggle to resist.
Sigmund the Dreaded comes into view.
He is wielding a +0 scythe and wearing a +2 robe of cold resistance.
Found a leather armour.
There is an escape hatch in the floor here.
Ijyb zaps a wand.
You are blasted!
Ouch! That really hurt!
You slide downwards.
The hatch slams shut behind you.
You are too injured to fight recklessly!
You barely miss Ijyb.
Ijyb zaps a wand.
You are blasted!
Ouch! That really hurt!
You die...

###...
..... ....
... # #..
... #..##
#....
#..#......
#.@g......
#...####..
#..### #.#
.. ... ..#
##.


You could see Ijyb.

Vanquished Creatures
  Eustachio (D:4)
  Menkaure (D:4)
  A scorpion (D:4)
  A howler monkey (D:4)
  4 orc wizards (D:4)
  4 worker ants (D:4)
  7 adders
  An ooze (D:1)
  3 worms
  5 leopard geckos
  11 orcs
  8 bats
  6 giant cockroaches
  6 goblins
  15 hobgoblins
  10 kobolds
  2 quokkas
  A ball python (D:3)
  9 frilled lizards
  15 rats
111 creatures vanquished.

Notes
Turn   | Place    | Note
-------+----------+-------------------------------------------
     0 | D:1      | Apogee the Gargoyle Gladiator began the quest for the Orb.
     0 | D:1      | Reached XP level 1. HP: 12/12 MP: 1/1
   213 | D:1      | Reached XP level 2. HP: 16/17 MP: 2/2
   613 | D:1      | Reached XP level 3. HP: 21/21 MP: 3/3
   929 | D:1      | Reached skill level 4 in Maces & Flails
  1255 | D:2      | Reached XP level 4. HP: 17/26 MP: 4/4
  1624 | D:2      | Found a hazy altar of Hepliaklqana.
  1742 | D:2      | Reached skill level 5 in Maces & Flails
  1858 | D:2      | Reached XP level 5. HP: 29/30 MP: 5/5
  3341 | D:4      | Reached skill level 6 in Maces & Flails
  3375 | D:4      | Reached XP level 6. HP: 27/35 MP: 6/6
  3607 | D:4      | Reached skill level 7 in Maces & Flails
  3801 | D:4      | Reached XP level 7. HP: 28/40 MP: 7/7
  4118 | D:4      | Noticed Menkaure
  4124 | D:4      | Killed Menkaure
  4124 | D:4      | Reached skill level 8 in Maces & Flails
  4313 | D:4      | Noticed Eustachio
  4368 | D:4      | Killed Eustachio
  4599 | D:4      | Noticed Ijyb
  4599 | D:4      | Noticed Sigmund
  4602 | D:5      | Entered Level 5 of the Dungeon
  4603 | D:5      | Blown up by Ijyb

Illustrated notes

Levels and vault maps discovered:
D:1:      lightli_arrival_maybe_door_vault, layout_basic, serial_forest,
          infiniplex_forest_clump_curved, infiniplex_forest_straight_3,
          infiniplex_forest_clump_double, infiniplex_forest_clump_double,
          infiniplex_forest_clump_double, infiniplex_forest_clump_small,
          st_stairs_13, minmay_rat_gold_closets
D:2:      layout_rooms, nicolae_overflow_crystal_walls
D:3:      layout_rooms, kennysheep_potato
D:4:      layout_loops_ring, ebering_dispersal_statue_hall, minivault_23,
          uniq_eustachio, uniq_sigmund, uniq_ijyb, uniq_menkaure
D:5:      layout_layer_cave, nicolae_overflow_hidden_temple,
          nicolae_qazlal_style_of_elements, minmay_temple_entry_overgrown,
          first_ration, grunt_decor_arrowhead, corexii_item_surrounded_by_moat,
          tgw_sif

Skill      XL: |  1  2  3  4  5  6  7 |
---------------+----------------------+-----
Maces & Flails | 4 5 6 7 8 |  8.6
Fighting       | |  2.6
Throwing       | |  1.8
Dodging        | |  2.7

Action                   |  1- 3 |  4- 6 |  7- 9 || total
-------------------------+-------+-------+-------++-------
Melee: Flail             |   123 |   295 |    61 ||   479
  Use: Scroll            |     3 |     5 |       ||     8
       Potion            |     1 |     4 |       ||     5
 Stab: Sleeping          |     2 |       |       ||     2
  Eat: Chunk             |     1 |     9 |     2 ||    12
Armor: Leather armour    |    54 |    10 |       ||    64
       Scale mail        |       |   147 |    33 ||   180
Dodge: Dodged            |    84 |   173 |    43 ||   300
